 Dungeon Crawl Stone Soup version 0.20.1-1-g8b1a95d (webtiles) character file.

793 raph the Slasher (level 7, -1/62 HPs)
             Began as a Minotaur Monk on Dec 29, 2017.
             Slain by Eustachio
             ... wielding a +0 rapier
              (5 damage)
             ... on level 6 of the Dungeon.
             The game lasted 00:08:55 (4897 turns).

raph the Slasher (Minotaur Monk)                    Turns: 4897, Time: 00:08:56

Health: -1/62      AC: 13    Str: 16    XL:     7   Next: 57%
Magic:  6/6        EV:  9    Int:  7    God:
Gold:   258        SH:  0    Dex: 14    Spells: 6/6 levels left

rFire    . . .     SeeInvis +   a - +0 falchion
rCold    . . .     Gourm    .   (no shield)
rNeg     . . .     Faith    .   f - +1 chain mail
rPois    .         Spirit   .   (helmet restricted)
rElec    .         Reflect  .   o - +2 cloak
rCorr    .         Harm     .   (no gloves)
MR       .....     Rnd*Tele +   (no boots)
Stlth    ..........             (no amulet)
Regen    0.2/turn               m - ring of see invisible
MPRegen  0.1/turn               x - ring of teleportation (curse)

@: no status effects
A: retaliatory headbutt, horns 2
a: no special abilities


You were on level 6 of the Dungeon.
You were not hungry.

You visited 1 branch of the dungeon, and saw 6 of its levels.

You collected 258 gold pieces.

Inventory:

Hand Weapons
 a - a +0 falchion (weapon)
Missiles
 r - 8 javelins (quivered)
Armour
 b - a +0 robe
 f - a +1 chain mail (worn)
 h - a +0 scale mail
 o - a +2 cloak (worn)
Jewellery
 m - a ring of see invisible (left hand)
 t - an uncursed ring of resist corrosion
 x - a cursed ring of teleportation (right hand)
Scrolls
 g - 5 scrolls of teleportation
 n - 4 scrolls of amnesia
 v - a scroll of fog
Potions
 d - a potion of agility
 e - a potion of degeneration {unknown}
 i - 2 potions of haste {unknown}
 j - a potion of heal wounds {unknown}
 k - 3 potions of curing {unknown}
 q - 2 potions of mutation {unknown}
 s - a potion of magic {unknown}
Comestibles
 c - 6 bread rations
 l - 4 meat rations
 p - 4 fruits
 u - 2 chunks of flesh


   Skills:
 + Level 5.7 Fighting
 * Level 7.5 Long Blades
 + Level 3.9 Armour
 + Level 5.4 Dodging
 - Level 1.5 Stealth


You had 6 spell levels left.
You didn't know any spells.

Dungeon Overview and Level Annotations

Branches:
Dungeon (6/15)
 Temple: D:4-7

Altars:
Dithmenos
Makhleb
Qazlal
Trog

Annotations:
D:2 Natasha
D:3 RollingDesktops's ghost, weakling DrWr
D:5 MJtheKandyman's ghost, novice MiBe
D:6 Eustachio


Innate Abilities, Weirdness & Mutations

You reflexively headbutt those who attack you in melee.
You have a pair of horns on your head.


Message History

You feel yourself speed up.
You start resting.
You feel sick. x2
You are no longer poisoned.
You start resting.
You recover from your berserk rage.
You start resting.
You are suddenly yanked towards some nearby monsters!
Your surroundings suddenly seem different.
Eustachio the Magnificent comes into view.
He is wielding a rapier.
Eustachio shouts!
An iguana comes into view.
The iguana hisses angrily.
A quokka skeleton comes into view.
Okay, then.
The iguana barely misses you. You furiously retaliate!
You headbutt the iguana!
You riposte.
You hit the iguana.
The iguana is heavily wounded.
Eustachio hits you with a rapier.
You die...

# .# ..#
######...##
#.@.l.....#
###@.......
#....Z....#
###.##.....
#.# .....
..# ....
... ... ###
#... #...#
#..# #...#
.#


You could see Eustachio, an iguana and a quokka skeleton.

Vanquished Creatures
  A water moccasin (D:6)
  An ogre (D:4)
  A wyvern skeleton (D:6)
  2 scorpions (D:5)
  A crimson imp (D:6)
  3 orc priests
  A hound (D:5)
  Natasha (D:2)
  2 worker ants
  7 adders
  4 gnolls (D:4)
  An ooze (D:1)
  4 worms
  3 dart slugs
  A leopard gecko (D:2)
  8 orcs
  2 ball pythons
  10 giant cockroaches
  5 goblins
  7 hobgoblins
  11 jackals
  A quokka (D:4)
  8 bats
  6 frilled lizards
  7 kobolds
  7 rats
105 creatures vanquished.

Notes
Turn   | Place    | Note
-------+----------+-------------------------------------------
     0 | D:1      | raph the Minotaur Monk began the quest for the Orb.
     0 | D:1      | Reached XP level 1. HP: 19/19 MP: 0/0
   306 | D:1      | Reached skill level 4 in Long Blades
   306 | D:1      | Reached XP level 2. HP: 20/27 MP: 1/1
  1089 | D:1      | Reached XP level 3. HP: 33/33 MP: 2/2
  1346 | D:2      | Found a shadowy altar of Dithmenos.
  1576 | D:2      | Reached XP level 4. HP: 37/40 MP: 3/3
  1775 | D:2      | Noticed Natasha
  1793 | D:2      | Killed Natasha
  1793 | D:2      | Reached skill level 5 in Long Blades
  1793 | D:2      | Reached skill level 1 in Armour
  2347 | D:2      | Noticed Natasha
  2579 | D:3      | Reached XP level 5. HP: 35/47 MP: 4/4
  3184 | D:3      | Noticed RollingDesktops's ghost (weakling DrWr)
  3336 | D:4      | Reached skill level 6 in Long Blades
  3339 | D:4      | Reached XP level 6. HP: 49/53 MP: 5/5
  3841 | D:4      | Reached skill level 5 in Fighting
  4625 | D:5      | Entered Level 5 of the Dungeon
  4651 | D:5      | Reached skill level 5 in Dodging
  4651 | D:5      | Reached XP level 7. HP: 61/61 MP: 6/6
  4655 | D:5      | Reached skill level 7 in Long Blades
  4748 | D:5      | Noticed MJtheKandyman's ghost (novice MiBe)
  4805 | D:6      | Found a burning altar of Makhleb.
  4805 | D:6      | Found a stormy altar of Qazlal.
  4805 | D:6      | Found a bloodstained altar of Trog.
  4872 | D:6      | HP: 3/62 [poisoned by a water moccasin]
  4878 | D:6      | HP: 2/62 [poisoned by a water moccasin]
  4885 | D:6      | HP: 2/62 [poisoned by a water moccasin]
  4896 | D:6      | Noticed Eustachio
  4897 | D:6      | Slain by Eustachio

Skill      XL: |  1  2  3  4  5  6  7 |
---------------+----------------------+-----
Long Blades    | 4 5 6 7 |  7.5
Fighting       | 4 5 |  5.7
Dodging        | 4 5 |  5.4
Armour         | 1 2 3 |  3.9
Stealth        | |  1.5

Action                   |  1- 3 |  4- 6 |  7- 9 || total
-------------------------+-------+-------+-------++-------
Melee: Falchion          |    73 |   214 |    49 ||   336
       Headbutt          |    14 |    35 |    10 ||    59
  Use: Scroll            |       |     9 |       ||     9
       Potion            |       |       |     1 ||     1
 Stab: Sleeping          |     1 |       |       ||     1
  Eat: Chunk             |     2 |    10 |     1 ||    13
Armor: Robe              |     2 |       |       ||     2
       Scale mail        |     2 |       |       ||     2
       Chain mail        |    14 |    98 |    46 ||   158
Dodge: Dodged            |    57 |    72 |    35 ||   164
       Rpst.: Falchion   |    14 |    23 |     8 ||    45
